 Dungeon Crawl Stone Soup version 0.24.0-28-g17ded55e90 (webtiles) character file.

Game seed: 9617539747789183341, levelgen mode: deterministic

406 sking99 the Insei (level 6, -1/44 HPs)
             Began as a Merfolk Transmuter on Nov 12, 2019.
             Was a Believer of Ru.
             Slain by an ogre
             ... wielding a +0 giant club
              (28 damage)
             ... on level 4 of the Dungeon.
             The game lasted 00:07:39 (5673 turns).

sking99 the Insei (Merfolk Transmuter)              Turns: 5673, Time: 00:07:40

Health: -1/44      AC:  2    Str: 10    XL:     6   Next: 87%
Magic:  7/10       EV: 21    Int: 15    God:    Ru [**....]
Gold:   173        SH:  0    Dex: 19    Spells: 5/11 levels left

rFire    x . .     SeeInvis .     - Unarmed
rCold    x . .     Gourm    .   (shield currently unavailable)
rNeg     . . .     Faith    .   (armour currently unavailable)
rPois    x         Spirit   .   (helmet currently unavailable)
rElec    .         Reflect  .   (cloak currently unavailable)
rCorr    .         Harm     .   (gloves currently unavailable)
MR       .....                  (boots currently unavailable)
Stlth    ++........             (no amulet)
HPRegen  0.14/turn              (no ring)
MPRegen  0.12/turn              (no ring)

@: spider-form
A: tiny, (change form in water), (swift swim), (stealthy swim), temperature
sensitive
a: End Transformation, Renounce Religion


You were on level 4 of the Dungeon.
You worshipped Ru.
Ru was pleased with you.
You were not hungry.
You were a venomous arachnid creature.
You visited 1 branch of the dungeon, and saw 5 of its levels.

You collected 173 gold pieces.

Inventory:

Missiles
 a - 10 arrows
 r - a throwing net (quivered)
Armour
 b - a +0 robe (melded)
 l - a +0 large shield
 q - a scarf of spirit shield
Wands
 p - a wand of polymorph (8)
Scrolls
 g - a scroll of enchant weapon {unknown}
 h - 4 scrolls of remove curse
 i - a scroll of teleportation {unknown}
 o - a scroll of magic mapping {unknown}
 t - a scroll of enchant armour {unknown}
 u - a scroll of immolation {unknown}
Potions
 c - a potion of resistance
 e - 4 potions of curing
 f - a potion of haste {unknown}
 j - a potion of lignification
 k - a potion of heal wounds
 m - a potion of mutation {unknown}
 n - a potion of degeneration {unknown}
Comestibles
 d - 10 rations
 s - 3 chunks of flesh


   Skills:
 + Level 2.1 Fighting
 + Level 3.1 Dodging
 * Level 6.2 Unarmed Combat
 - Level 3.0 Spellcasting
 - Level 5.0 Transmutations
 - Level 1.0 Poison Magic


You had 5 spell levels left.
You knew the following spells:

 Your Spells              Type           Power        Failure   Level  Hunger
a - Beastly Appendage     Tmut           ###...       10%         1    #......
b - Sticks to Snakes      Tmut           ###.....     12%         2    ##.....
c - Spider Form           Tmut/Pois      ##........   36%         3    ###....

Your spell library contained the following spells:

 Spells                   Type           Power        Failure   Level  Hunger
 Magic Dart               Conj           #...         41%         1    #......
 Searing Ray              Conj           #.....       52%         2    ##.....
 Dazzling Spray           Conj/Hex       #.....       73%         3    ###....
 Ice Form                 Ice/Tmut       #.......     77%         4    #####..
 Blade Hands              Tmut           ###.......   77%         5    ######.
 Force Lance              Conj/Tloc      #.......     97%         4    #####..
 Fulminant Prism          Conj/Hex       #.........   97%         4    #####..
 Iskenderun's Mystic Bla  Conj           #.......     97%         4    #####..


Dungeon Overview and Level Annotations

Branches:
Dungeon (5/15)             Temple (0/1) D:4

Altars:
Dithmenos
Gozag
Qazlal
Ru
Yredelemnul

Annotations:
D:3 1 runed translucent door, bl3nd3r's ghost, amateur MiBe
D:5 Menkaure


Innate Abilities, Weirdness & Mutations

((You revert to your normal form in water.))
((You are very nimble and swift while swimming.))
((You are very stealthy in the water. (Stealth+)))
You are sensitive to extremes of temperature. (rF-, rC-)


Message History

Unknown command.
Menkaure begins to cast a spell, but is stunned by your will!
You see here a jackal skeleton.
Your transformation is almost over.
There is a stone staircase leading up here.
Your transformation has ended.
Your +0 robe unmelds from your body.
The ogre hits you with a +0 giant club!!
You climb upwards.
There is a stone staircase leading down here.
Casting: Spider Form (safe; 17% risk of failure)
Confirm with . or Enter, or press ? or * to list all spells.
You turn into a venomous arachnid creature.
Your +0 robe melds into your body.
You closely miss the ogre. The ogre misses you.
You bite the ogre!
The ogre is moderately wounded.
The ogre hits you with a +0 giant club!!
Ouch! That really hurt!
You die...

#.# #.# ##.###. #.# ##.###...##.
#.# #........... ######## #.#
#..###.>.### ##......# #.#
#....##.## ##...###.# #.#
##.....#.#
##.#.#.##.#####.###........#
###.##.#..........##.........####
......รท...#.....sO..............#
###.##.##.#######.#>.............
###.#.#.## #.#.#.........#.#
#......## #.#.##.....####.#
#.###### #.#.###...## #.# #.#
#.).# ##..# ###.# ##.# ##### ##..#
#.... ...####### #...###....
.........# ##..........


You could see an ogre.

Vanquished Creatures
  Edmund (D:4)
  A water moccasin skeleton (D:5)
  2 hounds (D:4)
  An iguana (D:4)
  6 adders
  3 gnolls (D:4)
  2 worms
  A dart slug (D:1)
  2 leopard geckos
  An orc (D:4)
  A ball python (D:1)
  5 giant cockroaches
  5 goblins
  6 hobgoblins
  10 jackals
  4 quokkas
  9 bats
  5 frilled lizards
  6 kobolds
  10 rats
81 creatures vanquished.

Notes
Turn   | Place    | Note
-------+----------+-------------------------------------------
     0 | D:1      | sking99 the Merfolk Transmuter began the quest for the Orb.
     0 | D:1      | Reached XP level 1. HP: 15/15 MP: 3/3
   372 | D:1      | Reached XP level 2. HP: 13/21 MP: 5/5
   376 | D:1      | Learned a level 2 spell: Sticks to Snakes
  1563 | D:1      | Reached XP level 3. HP: 26/26 MP: 6/6
  1568 | D:1      | Learned a level 3 spell: Spider Form
  2028 | D:2      | Found an opulent altar of Gozag.
  2106 | D:2      | Reached skill level 4 in Unarmed Combat
  2870 | D:3      | Reached XP level 4. HP: 25/32 MP: 7/7
  2987 | D:3      | Found a shadowy altar of Dithmenos.
  3009 | D:3      | Reached skill level 1 in Poison Magic
  3038 | D:3      | Found a stormy altar of Qazlal.
  3288 | D:3      | Found a runed translucent door.
  3477 | D:3      | Noticed bl3nd3r's ghost (amateur MiBe)
  3702 | D:4      | Noticed Edmund
  3740 | D:4      | Killed Edmund
  3740 | D:4      | Reached skill level 5 in Unarmed Combat
  3740 | D:4      | Reached XP level 5. HP: 7/37 MP: 0/9
  4000 | D:4      | Found a sacrificial altar of Ru.
  4007 | D:4      | Became a worshipper of Ru the Awakened
  4048 | D:4      | Found a staircase to the Ecumenical Temple.
  4062 | D:4      | Reached XP level 6. HP: 28/43 MP: 7/10
  4279 | D:4      | Found a basalt altar of Yredelemnul.
  4571 | D:4      | Reached skill level 5 in Transmutations
  4846 | D:4      | Reached skill level 6 in Unarmed Combat
  5088 | D:5      | Entered Level 5 of the Dungeon
  5588 | D:5      | Gained mutation: You are sensitive to extremes of
                  | temperature. (rF-, rC-) [Ru sacrifice]
  5588 | D:5      | Reached * piety under Ru
  5588 | D:5      | Reached ** piety under Ru
  5638 | D:5      | Noticed Menkaure
  5673 | D:4      | Slain by an ogre

Levels and vault maps discovered:
D:1:      dpeg_arrival_lava_altar, layout_basic
D:2:      layout_basic, nicolae_gozag_seed_capital
D:3:      layout_basic, nicolae_dithmenos_through_a_glass_darkly,
          nicolae_overflow_crystal_walls, gammafunk_ghost_grave, first_ration
D:4:      layout_loops_ring, lemuel_crystal_altar, nicolae_ru_awakened_eye,
          temple_fountains, uniq_edmund
D:5:      layout_basic, kennysheep_diamond, grunt_decor_arrowhead,
          wad_rectangle_vault, uniq_menkaure

Skill      XL: |  1  2  3  4  5  6 |
---------------+-------------------+-----
Transmutations | 3 4 5 |  5.0
Unarmed Combat | 4 5 6 |  6.2
Poison Magic   | 1 |  1.0
Spellcasting   | 3 |  3.0
Fighting       | 2 |  2.1
Dodging        | 3 |  3.1

Action                   |  1- 3 |  4- 6 || total
-------------------------+-------+-------++-------
Melee: Unarmed           |   157 |   113 ||   270
       Headbutt          |     1 |     1 ||     2
       Punch             |     1 |       ||     1
 Cast: Beastly Appendage |     8 |     1 ||     9
       Spider Form       |     4 |    18 ||    22
       Sticks to Snakes  |       |     2 ||     2
Invok: Sacrifice Resista |       |     1 ||     1
  Use: Scroll            |       |     5 ||     5
  Eat: Chunk             |     7 |    11 ||    18
Armor: Robe              |    32 |     9 ||    41
       Skin              |       |     1 ||     1
Dodge: Dodged            |   137 |    68 ||   205
